 Dungeon Crawl Stone Soup version 0.30-a0-728-gc68057be0a (webtiles) character file.

Game seed: 17931043107179248384

1708 Newt the Trooper (level 8, -7/64 HPs)
             Began as a Demonspawn Gladiator on Jan 30, 2023.
             Was a Follower of Makhleb.
             Killed from afar by an acid dragon (16 damage)
             ... with a splash of acid
             ... on level 6 of the Dungeon.
             The game lasted 00:07:18 (5093 turns).

Newt the Trooper (Demonspawn Gladiator)             Turns: 5093, Time: 00:07:18

Health: -7/64      AC:  6    Str: 18    XL:     8   Next: 73%
Magic:  8/8        EV: 17    Int:  9    God:    Makhleb [*.....]
Gold:   235        SH:  0    Dex: 14    Spells: 7/7 levels left

rFire   . . .      SeeInvis +    r - +2 halberd (venom)
rCold   . . .      Faith    .    (shield currently unavailable)
rNeg    . . .      Spirit   .    D - +4 ring mail {Will+}
rPois   .          Reflect  .    (helmet restricted)
rElec   .          Harm     .    (no cloak)
rCorr   .          Rampage  .    (no gloves)
Will    +....                    o - +0 pair of boots
Stlth   +                        (no amulet)
HPRegen 0.30/turn                w - ring of see invisible
MPRegen 0.11/turn                B - +5 ring of evasion

@: corroded, invisible
A: antennae 1, yellow scales 2, spiny 1
a: Renounce Religion


You were on level 6 of the Dungeon.
You worshipped Makhleb.
Makhleb was aware of your devotion.
You visited 2 branches of the dungeon, and saw 7 of its levels.

You collected 355 gold pieces.
You spent 120 gold pieces at shops.

Inventory:

Hand Weapons
 a - a +0 rapier
 r - a +2 halberd of venom (weapon)
 s - a +2 dagger of draining
Missiles
 e - a throwing net (quivered)
 C - 2 poisoned darts
Armour
 b - a +0 leather armour
 c - a +0 helmet
 o - a +0 pair of boots (worn)
 p - a +0 chain mail
 D - a +4 ring mail of willpower (worn)
Jewellery
 w - a ring of see invisible (left hand)
 B - a +5 ring of evasion (right hand)
Wands
 y - a wand of iceblast (7)
 I - a wand of mindburst (9)
Scrolls
 d - a scroll of amnesia
 i - a scroll of vulnerability {unknown}
 j - a scroll of blinking {unknown}
 l - a scroll of torment {unknown}
 m - 7 scrolls of teleportation
 q - a scroll of poison {unknown}
 x - a scroll of immolation
 A - a scroll of magic mapping {unknown}
 H - a scroll of noise {unknown}
Potions
 f - 2 potions of flight
 h - a potion of curing
 k - a potion of mutation
 t - 2 potions of lignification
 u - 4 potions of attraction
 v - a potion of brilliance
 z - a potion of degeneration
 E - a potion of heal wounds {unknown}
 F - a potion of berserk rage {unknown}
 G - a potion of cancellation {unknown}


   Skills:
 - Level 6.0 Fighting
 - Level 2.6 Short Blades
 - Level 5.0 Polearms
 - Level 5.0 Throwing
 + Level 3.7 Armour
 - Level 4.0 Dodging
 - Level 2.0 Stealth


You had 7 spell levels left.
You didn't know any spells.
Your spell library contained the following spells:

 Spells                   Type           Power      Damage    Failure   Level
 Apportation              Tloc           0%         N/A       56%         1
 Kiss of Death            Conj/Necr      0%         2d5       56%         1
 Necrotise                Necr           0%         1d4       56%         1
 Summon Small Mammal      Summ           0%         N/A       56%         1
 Blink                    Tloc           0%         N/A       71%         2
 Lesser Beckoning         Tloc           0%         N/A       71%         2
 Momentum Strike          Conj/Tloc      0%         3d8       71%         2
 Confusing Touch          Hex            0%         N/A       91%         3
 Ignite Poison            Fire/Tmut/Pois 0%         N/A       91%         3
 Kindle Blastsparks       Fire/Tloc/Air  0%         2d10      91%         3
 Portal Projectile        Hex/Tloc       0%         N/A       91%         3
 Tukima's Dance           Hex            0%         N/A       91%         3
 Dispel Undead            Necr           0%         3d6       100%        4
 Blade Hands              Tmut           0%         N/A       100%        5
 Freezing Cloud           Conj/Ice/Air   0%         6-21      100%        5


Dungeon Overview and Level Annotations

Branches:
Dungeon (6/15)             Temple (1/1) D:4

Altars:
Cheibriados
Dithmenos
Gozag
Kikubaaqudgha
Makhleb
Qazlal
Sif Muna
Trog
Vehumet
Wu Jian
Xom

Shops:
D:3 !

Portals:
Abyss: D:3

Annotations:
D:3 2 transporters, avis's ghost, weakling DgHu


Innate Abilities, Weirdness & Mutations

You have a pair of small antennae on your head.
You are mostly covered in yellow scales. (AC +3)
You are partially covered in sharp spines.


Message History

Press: ? - help, Dir - move target, f/p - gnoll
Aim: a gnoll, wielding a +0 spear (covering ground quickly, about 36% to evade your +2 halberd of venom)
You reach to attack!
You puncture the gnoll!
You kill the gnoll!
Makhleb accepts your kill.
Reach: r) +2 halberd (venom)
Press: ? - help, Dir - move target, f - you That would be overly suicidal.
Okay, then.
Unknown command.
You start resting.
An acid dragon comes into view.
An acid dragon is nearby!
An acid dragon is nearby!
An acid dragon is nearby!
You see here a +0 club.
You start resting.
You sense a monster nearby.
You start resting.
An acid dragon is nearby!
You hit the acid dragon but do no damage.
The acid dragon spits acid at you. The splash of acid hits you!
The acid corrodes you!
You barely miss the acid dragon. The acid dragon bites you.
The acid dragon claws you but does no damage.
Throw: 2 throwing nets
Press: ? - help, Shift-Dir - straight line, f - acid dragon
Aim: an acid dragon (64% to hit)
You throw a throwing net.
The throwing net closely misses the acid dragon.
The acid dragon spits acid at you. The splash of acid hits you!!
* * * LOW HITPOINT WARNING * * *
The acid corrodes you!
You fade into invisibility!
The acid dragon closely misses you. The acid dragon claws you.
* * * LOW HITPOINT WARNING * * *
The acid dragon spits acid at something.
The splash of acid hits you!
You die...

.....#.#...$.g.g.
...........gg... +##
###....D......#######
.....##D#..#......##....##
.....+....##########.....#
.....#....)#)............#
.....#.#.#.)..D..........#
.....#.....#).....##....##
...........#....@.##....##
..>........#.............#
.......(...#.............#
.....##...##.##...##<....#
...†.##+####.##'####.....#
......#.......#..........#
......#.......#.).########
......#.......#.))##....##
.....#........#...)......#


You could see an acid dragon (unable to see you, catching breath).

Vanquished Creatures
  Sigmund (D:2)
  Eustachio (D:4)
  A steam dragon (D:6)
  Edmund (D:6)
  A phantom (D:4)
  2 scorpions (D:5)
  3 necrophages
  A jelly (D:6)
  2 hounds (D:6)
  4 gnoll boudas
  2 orc priests
  3 iguanas
  Natasha (D:1)
  An orc wizard (D:3)
  Robin (D:3)
  18 gnolls
  5 adders
  3 ufetubi
  3 worms
  5 dart slugs
  7 orcs
  6 endoplasms
  5 giant cockroaches
  15 goblins
  6 hobgoblins
  10 jackals
  7 quokkas
  10 ball pythons
  10 bats
  5 frilled lizards
  6 kobolds
  4 rats (D:1)
150 creatures vanquished.

Notes
Turn   | Place    | Note
-------+----------+-------------------------------------------
     0 | D:1      | Newt the Demonspawn Gladiator began the quest for the Orb.
     0 | D:1      | Reached XP level 1. HP: 16/16 MP: 1/1
    32 | D:1      | Reached skill level 1 in Stealth
    81 | D:1      | Gained mutation: You are partially covered in yellow
                  | scales. (AC +2) [demonic ancestry]
    81 | D:1      | Reached XP level 2. HP: 22/22 MP: 2/2
   113 | D:1      | You fall into a shaft and drop 1 floor!
   197 | D:2      | Noticed Sigmund
   211 | D:2      | Killed Sigmund
   212 | D:2      | Reached skill level 4 in Fighting
   212 | D:2      | Reached XP level 3. HP: 12/30 MP: 3/3
   212 | D:2      | Reached XP level 4. HP: 15/37 MP: 4/4
   212 | D:2      | Reached XP level 5. HP: 17/42 MP: 5/5
   925 | D:1      | Found a faded altar of an unknown god.
  1272 | D:2      | Noticed Natasha
  1314 | D:1      | Killed Natasha
  1315 | D:1      | Gained mutation: You have a pair of small antennae on your
                  | head. [demonic ancestry]
  1315 | D:1      | Reached XP level 6. HP: 36/48 MP: 6/6
  1665 | D:3      | Found a transporter.
  1666 | D:3      | Noticed Robin
  1830 | D:3      | Killed Robin
  1878 | D:3      | Found Calion's Distillery.
  1886 | D:3      | Bought a potion of lignification for 36 gold pieces
  1886 | D:3      | Bought a potion of attraction for 36 gold pieces
  1886 | D:3      | Bought a potion of brilliance for 48 gold pieces
  1922 | D:3      | Noticed a small abomination
  2152 | D:3      | Found an ancient bone altar of Kikubaaqudgha.
  2239 | D:3      | Noticed a small abomination
  2298 | D:3      | Noticed avis's ghost (weakling DgHu)
  2321 | D:3      | Found a transporter.
  2444 | D:3      | Found a one-way gate to the infinite horrors of the Abyss.
  2752 | D:4      | Reached skill level 5 in Throwing
  2752 | D:4      | Gained mutation: You are partially covered in sharp spines.
                  | [demonic ancestry]
  2752 | D:4      | Reached XP level 7. HP: 43/54 MP: 7/7
  2793 | D:4      | Noticed Eustachio
  2804 | D:4      | Killed Eustachio
  2805 | D:4      | Reached skill level 5 in Fighting
  3506 | D:4      | Found a staircase to the Ecumenical Temple.
  3777 | Temple   | Entered the Ecumenical Temple
  3823 | Temple   | Became a worshipper of Makhleb the Destroyer
  3865 | D:5      | Entered Level 5 of the Dungeon
  3897 | D:5      | Reached skill level 6 in Fighting
  3903 | D:5      | Reached skill level 1 in Polearms
  4091 | D:5      | Gained mutation: You are mostly covered in yellow scales.
                  | (AC +3) [demonic ancestry]
  4091 | D:5      | Reached XP level 8. HP: 64/64 MP: 8/8
  4125 | D:5      | Found a radiant altar of Vehumet.
  4558 | D:5      | Found an opulent altar of Gozag.
  4962 | D:6      | Noticed Edmund
  4969 | D:6      | Killed Edmund
  4970 | D:6      | Reached skill level 5 in Polearms
  4970 | D:6      | Reached skill level 1 in Armour
  5035 | D:6      | Reached * piety under Makhleb
  5093 | D:6      | Killed from afar by an acid dragon

Illustrated notes

Levels and vault maps discovered:
D:1:      erik_arrival_cave_to_civilisation [erik_arrival_cave_to_hall],
          layout_basic, nicolae_ecumenical_snake_handling, due_unseen_surprise
D:2:      layout_rooms, uniq_sigmund, uniq_natasha
D:3:      layout_rooms, kiku_gazebo_pond_becter, gammafunk_ghost_abyssal_escape,
          serial_shops, shop, uniq_robin
D:4:      layout_basic, minmay_temple_entry_poolview, uniq_eustachio
D:5:      layout_basic, nicolae_gozag_seed_capital, nicolae_vehumet_radiance
D:6:      layout_gridville, minmay_misc_feat_five, guppyfry_early_elven_hall,
          uniq_edmund
Temple:   nicolae_temple_ecumenical_triangle

Skill      XL: |  1  2  3  4  5  6  7  8 |
---------------+-------------------------+-----
Stealth        | 1 2 |  2.0
Fighting       | 4 6 |  6.0
Dodging        | 4 |  4.0
Throwing       | 3 5 |  5.0
Polearms       | 3 5 |  5.0
Armour         | 3 |  3.7
Short Blades   | |  2.6

Action                     |  1- 3 |  4- 6 |  7- 9 || total
---------------------------+-------+-------+-------++-------
  Melee: Rapier            |    57 |   196 |       ||   253
         Dagger            |       |   157 |    18 ||   175
         Punch             |       |     4 |       ||     4
         Halberd           |       |       |   123 ||   123
  Throw: Throwing net      |     3 |     1 |     1 ||     5
         Javelin           |     1 |       |     1 ||     2
         Dart              |       |       |     4 ||     4
    Use: Scroll            |       |     4 |     6 ||    10
         Potion            |       |       |     1 ||     1
   Stab: Sleeping          |       |     6 |     1 ||     7
         Held in net/web   |       |     1 |       ||     1
 Armour: Leather armour    |    16 |   147 |     2 ||   165
         Ring mail         |       |       |    35 ||    35
  Dodge: Dodged            |    39 |   363 |   143 ||   545

Table legend: (Time is in decaauts)
 A = Elapsed time spent in this place.
 B = Non-inter-level travel time spent in this place.
 C = Inter-level travel time spent in this place.
 D = Time resting spent in this place.
 E = Time spent auto-exploring this place.
 F = Levels seen in this place.
 G = Mean time per level.
                   A        B        C        D        E       F      G
               +--------+--------+--------+--------+--------+-----+--------+
         Total |   5138 |   4986 |    152 |    492 |   3336 |   7 |  734.0 |
       Dungeon |   5087 |   4940 |    147 |    492 |   3304 |   6 |  847.8 |
        Temple |     51 |     46 |      5 |      0 |     32 |   1 |   51.0 |
               +--------+--------+--------+--------+--------+-----+--------+

Top non-repeatable levels by time:
     D:4: 1344 daAuts
     D:1: 1031 daAuts
     D:5: 991 daAuts
     D:2: 765 daAuts
     D:3: 707 daAuts
     D:6: 246 daAuts
  Temple: 51 daAuts
